NYP
MINNESOTA (NYP) TWINS @ VANCOUVER CANADIANS
08/24/2044
 
TOP OF THE 1ST
Minnesota (NYP) Twins batting - Pitching for Vancouver Canadians : RHP J.J. Riley
Pitching: RHP J.J. Riley
Batting: LHB Seung-jun Chang 0-0: Called Strike
0-1: Ball
1-1: Ball
2-1: Swinging Strike
2-2: Ground out U3 (Groundball, 3S, EV 92.5 MPH)
Batting: RHB Tony Crespo 0-0: Ball
1-0: Ball
2-0: Called Strike
2-1: Foul Ball, location: 2F
2-2: Foul Ball, location: 2F
2-2: Foul Ball, location: 2F
2-2: Strikes out swinging
Batting: RHB Sean Gould 0-0: Ball
1-0: Ball
2-0: Called Strike
2-1: Foul Ball, location: 2F
2-2: SINGLE (Groundball, 56D, EV 93.8 MPH)
Batting: RHB David Nardone 0-0: Called Strike
0-1: Swinging Strike
0-2: Ball
1-2: Ball
2-2: Strikes out swinging
Top of the 1st over - 0 runs, 1 hit, 0 errors, 1 left on base; Minnesota (NYP) 0 - Vancouver 0
BOTTOM OF THE 1ST
Vancouver Canadians batting - Pitching for Minnesota (NYP) Twins : RHP Dean Huch
Pitching: RHP Dean Huch
Batting: RHB Justin Powell 0-0: Ball
1-0: Called Strike
1-1: Ground out 4-3 (Groundball, 4S, EV 80.6 MPH)
Batting: RHB Taylor Peavey 0-0: Ball
1-0: Foul Ball, location: 2F
1-1: Ball
2-1: Ball
3-1: Called Strike
3-2: Ground out 4-3 (Groundball, 4, EV 99.4 MPH)
Batting: LHB Edgar Castillo 0-0: Fly out, F9 (Line Drive, 9LM, EV 90.6 MPH)
Bottom of the 1st over - 0 runs, 0 hits, 0 errors, 0 left on base; Minnesota (NYP) 0 - Vancouver 0
TOP OF THE 2ND
Minnesota (NYP) Twins batting - Pitching for Vancouver Canadians : RHP J.J. Riley
Batting: RHB Graham Calvert 0-0: Ball
1-0: Ball
2-0: Called Strike
2-1: Called Strike
2-2: Strikes out swinging
Batting: RHB Kelly Watson 0-0: Called Strike
0-1: Fly out, F7 (Flyball, 7S, EV 91.3 MPH)
Batting: RHB Manuel Juarez 0-0: Called Strike
0-1: Ball
1-1: Fly out, F7 (Line Drive, 8LD, EV 91.9 MPH)
Top of the 2nd over - 0 runs, 0 hits, 0 errors, 0 left on base; Minnesota (NYP) 0 - Vancouver 0
BOTTOM OF THE 2ND
Vancouver Canadians batting - Pitching for Minnesota (NYP) Twins : RHP Dean Huch
Batting: RHB Jordan Fairburn 0-0: Ball
1-0: Ball
2-0: Foul Ball, location: 2F
2-1: Foul Ball, location: 2F
2-2: Ball
3-2: Base on Balls
Batting: LHB Adam Santarelli 0-0: Ball
Wild Pitch!
Jordan Fairburn to second
1-0: Foul Ball, location: 2F
1-1: Ground out U3 (Groundball, 3S, EV 73.8 MPH)
Jordan Fairburn to third
Batting: RHB Bryan Peterson 0-0: Ball
1-0: Ball
2-0: Called Strike
2-1: Ground out 5-3 (Groundball, 56, EV 107.5 MPH)
Jordan Fairburn scores
Batting: RHB Justin Geiger 0-0: Called Strike
0-1: Ball
1-1: Ground out U3 (Groundball, 3, EV 78.8 MPH)
Bottom of the 2nd over - 1 run, 0 hits, 0 errors, 0 left on base; Minnesota (NYP) 0 - Vancouver 1
TOP OF THE 3RD
Minnesota (NYP) Twins batting - Pitching for Vancouver Canadians : RHP J.J. Riley
Batting: SHB Donell Burney 0-0: Called Strike
0-1: Called Strike
0-2: Foul Ball, location: 2F
0-2: Ground out 1-3 (Groundball, 34S, EV 69.4 MPH)
Batting: RHB Alex Loaiza 0-0: Ball
1-0: Fly out, F6 (Line Drive, 6, EV 71.9 MPH)
Batting: LHB Seung-jun Chang 0-0: Called Strike
0-1: Fly out, F7 (Flyball, 7D, EV 102.5 MPH)
Top of the 3rd over - 0 runs, 0 hits, 0 errors, 0 left on base; Minnesota (NYP) 0 - Vancouver 1
BOTTOM OF THE 3RD
Vancouver Canadians batting - Pitching for Minnesota (NYP) Twins : RHP Dean Huch
Batting: RHB Joel Bender 0-0: Ball
1-0: Ball
2-0: Ball
3-0: Called Strike
3-1: Called Strike
3-2: Foul Ball, location: 2F
3-2: Base on Balls
Batting: RHB Alfredo Colon 0-0: Ball
1-0: Called Strike
1-1: Called Strike
1-2: Ball
2-2: Fielders Choice at 2nd, 6-4 (Groundball, 6, EV 94.4 MPH)
Batting: RHB Justin Powell 0-0: Called Strike
0-1: Fly out, F8 (Flyball, 8LD, EV 96.3 MPH)
Batting: RHB Taylor Peavey 0-0: Called Strike
Alfredo Colon is caught stealing 2nd base 2-4
Bottom of the 3rd over - 0 runs, 0 hits, 0 errors, 0 left on base; Minnesota (NYP) 0 - Vancouver 1
TOP OF THE 4TH
Minnesota (NYP) Twins batting - Pitching for Vancouver Canadians : RHP J.J. Riley
Batting: RHB Tony Crespo 0-0: Swinging Strike
0-1: Foul Ball, location: 2F
0-2: Fly out, F8 (Line Drive, 8LM, EV 96.9 MPH)
Batting: RHB Sean Gould 0-0: Ball
1-0: Called Strike
1-1: Called Strike
1-2: Foul Ball, location: 2F
1-2: Ground out 6-3 (Groundball, 6, EV 86.9 MPH)
Batting: RHB David Nardone 0-0: Ground out 4-3 (Groundball, 34, EV 101.9 MPH)
Top of the 4th over - 0 runs, 0 hits, 0 errors, 0 left on base; Minnesota (NYP) 0 - Vancouver 1
BOTTOM OF THE 4TH
Vancouver Canadians batting - Pitching for Minnesota (NYP) Twins : RHP Dean Huch
Batting: RHB Taylor Peavey 0-0: Called Strike
0-1: Called Strike
0-2: Ball
1-2: Ground out 5-3 (Groundball, 56S, EV 83.1 MPH)
Batting: LHB Edgar Castillo 0-0: Ball
1-0: Foul Ball, location: 2F
1-1: Ball
2-1: Called Strike
2-2: Fly out, F8 (Flyball, 8RS, EV 93.8 MPH)
Batting: RHB Jordan Fairburn 0-0: Ball
1-0: Ball
2-0: Ball
3-0: Base on Balls
Batting: LHB Adam Santarelli 0-0: Ball
Jordan Fairburn is caught stealing 2nd base 2-6
Bottom of the 4th over - 0 runs, 0 hits, 0 errors, 0 left on base; Minnesota (NYP) 0 - Vancouver 1
TOP OF THE 5TH
Minnesota (NYP) Twins batting - Pitching for Vancouver Canadians : RHP J.J. Riley
Batting: RHB Graham Calvert 0-0: Ball
1-0: Called Strike
1-1: Swinging Strike
1-2: Foul Ball, location: 2F
1-2: Foul Ball, location: 2F
1-2: Strikes out looking
Batting: RHB Kelly Watson 0-0: Called Strike
0-1: Swinging Strike
0-2: Strikes out swinging
Batting: RHB Manuel Juarez 0-0: Ball
1-0: Ball
2-0: Called Strike
2-1: Fly out, F7 (Flyball, 78M, EV 90.6 MPH)
Top of the 5th over - 0 runs, 0 hits, 0 errors, 0 left on base; Minnesota (NYP) 0 - Vancouver 1
BOTTOM OF THE 5TH
Vancouver Canadians batting - Pitching for Minnesota (NYP) Twins : RHP Dean Huch
Batting: LHB Adam Santarelli 0-0: Called Strike
0-1: Foul Ball, location: 2F
0-2: Foul Ball, location: 2F
0-2: Ball
1-2: Ball
2-2: Ground out 5-3 (Groundball, 6S, EV 70.6 MPH)
Batting: RHB Bryan Peterson 0-0: Ball
1-0: Ball
2-0: Ball
3-0: Base on Balls
Pitching: RHP Matt Lundy
Batting: RHB Justin Geiger 0-0: Ball
Bryan Peterson steals 2nd base
1-0: Ball
2-0: SINGLE (Flyball, 34D, EV 83.8 MPH)
Bryan Peterson to third
Runner from 3rd tries for Home, throw by RF and OUT! 9-2
Pinch Hitting: SHB Harrison Feist 0-0: Ball
1-0: Ball
Justin Geiger steals 2nd base
2-0: Ground out 3-1 (Groundball, 3D, EV 108.8 MPH)
Bottom of the 5th over - 0 runs, 1 hit, 0 errors, 1 left on base; Minnesota (NYP) 0 - Vancouver 1
TOP OF THE 6TH
Minnesota (NYP) Twins batting - Pitching for Vancouver Canadians : RHP J.J. Riley
Now at 3B: Kyle Scruggs
Batting: SHB Donell Burney 0-0: Called Strike
0-1: Swinging Strike
0-2: Strikes out swinging
Batting: RHB Alex Loaiza 0-0: Ball
1-0: Foul Ball, location: 2F
1-1: Ground out 5-3 (Groundball, 56S, EV 83.1 MPH)
Batting: LHB Seung-jun Chang 0-0: Ball
1-0: Ground out 1-3 (Groundball, 34S, EV 61.9 MPH)
Top of the 6th over - 0 runs, 0 hits, 0 errors, 0 left on base; Minnesota (NYP) 0 - Vancouver 1
BOTTOM OF THE 6TH
Vancouver Canadians batting - Pitching for Minnesota (NYP) Twins : RHP Matt Lundy
Batting: RHB Alfredo Colon 0-0: Ground out U3 (Groundball, 3S, EV 66.3 MPH)
Batting: RHB Justin Powell 0-0: Ball
1-0: Ball
2-0: Foul Ball, location: 2F
2-1: Ball
3-1: Called Strike
3-2: Base on Balls
Batting: RHB Taylor Peavey 0-0: Called Strike
Justin Powell steals 2nd base
0-1: Called Strike
0-2: 2-RUN HOME RUN (Flyball, 7D, EV 98.1 MPH), Distance : 387 ft
Batting: LHB Edgar Castillo 0-0: Ball
1-0: Ball
2-0: Ball
3-0: Base on Balls
Batting: RHB Jordan Fairburn 0-0: Ball
Edgar Castillo steals 2nd base
1-0: Foul Ball, location: 2F
1-1: 2-RUN HOME RUN (Flyball, 7LD, EV 95.6 MPH), Distance : 359 ft
Batting: LHB Adam Santarelli 0-0: Ball
1-0: Foul Ball, location: 2F
1-1: Ball
2-1: SINGLE (Groundball, 56D, EV 100.6 MPH)
Batting: RHB Bryan Peterson 0-0: Called Strike
0-1: Ball
Adam Santarelli steals 2nd base
1-1: Ball
2-1: Foul Ball, location: 2F
2-2: Fly out, F7 (Flyball, 78S, EV 85.6 MPH)
Batting: RHB Justin Geiger 0-0: Foul Ball, location: 2F
0-1: Foul Ball, location: 2F
0-2: Ball
1-2: SINGLE (Groundball, 56D, EV 108.8 MPH)
Adam Santarelli to third
Batting: RHB Kyle Scruggs 0-0: Ball
Justin Geiger steals 2nd base
1-0: Foul Ball, location: 2F
1-1: Ball
2-1: Ball
3-1: Base on Balls
Batting: RHB Alfredo Colon 0-0: Ball
1-0: Called Strike
1-1: Ball
2-1: Ball
3-1: Foul Ball, location: 2F
3-2: Base on Balls
Adam Santarelli scores
Justin Geiger to third
Kyle Scruggs to second
Batting: RHB Justin Powell 0-0: Ground out 4-3 (Groundball, 4, EV 82.5 MPH)
Bottom of the 6th over - 5 runs, 4 hits, 0 errors, 3 left on base; Minnesota (NYP) 0 - Vancouver 6
TOP OF THE 7TH
Minnesota (NYP) Twins batting - Pitching for Vancouver Canadians : RHP J.J. Riley
Batting: RHB Tony Crespo 0-0: Ball
1-0: Foul Ball, location: 2F
1-1: Called Strike
1-2: Ball
2-2: Ground out 5-3 (Groundball, 5, EV 86.3 MPH)
Batting: RHB Sean Gould 0-0: Called Strike
0-1: Called Strike
0-2: Strikes out swinging
Batting: RHB David Nardone 0-0: Called Strike
0-1: Swinging Strike
0-2: Ball
1-2: Foul Ball, location: 2F
1-2: Strikes out swinging
Top of the 7th over - 0 runs, 0 hits, 0 errors, 0 left on base; Minnesota (NYP) 0 - Vancouver 6
BOTTOM OF THE 7TH
Vancouver Canadians batting - Pitching for Minnesota (NYP) Twins : RHP Matt Lundy
Batting: RHB Taylor Peavey 0-0: Called Strike
0-1: Ball
1-1: Ball
2-1: Swinging Strike
2-2: Ball
3-2: Foul Ball, location: 2F
3-2: Foul Ball, location: 2F
3-2: Foul Ball, location: 2F
3-2: Base on Balls
Batting: LHB Edgar Castillo 0-0: Ball
1-0: Called Strike
1-1: Ball
2-1: Ball
3-1: Foul Ball, location: 2F
3-2: Base on Balls
Taylor Peavey to second
Pitching: RHP Ben Leiby
Batting: RHB Jordan Fairburn 0-0: Fly out, F8 (Flyball, 78M, EV 95.6 MPH)
Batting: LHB Adam Santarelli 0-0: Foul Ball, location: 2F
0-1: Called Strike
0-2: Ball
1-2: Ball
2-2: Ball
3-2: 3-RUN HOME RUN (Flyball, 9D, EV 98.1 MPH), Distance : 368 ft
Batting: RHB Bryan Peterson 0-0: Called Strike
0-1: Ball
1-1: Fly out, F7 (Line Drive, 7, EV 95.6 MPH)
Batting: RHB Justin Geiger 0-0: Ground out 5-3 (Groundball, 56, EV 84.4 MPH)
Bottom of the 7th over - 3 runs, 1 hit, 0 errors, 0 left on base; Minnesota (NYP) 0 - Vancouver 9
TOP OF THE 8TH
Minnesota (NYP) Twins batting - Pitching for Vancouver Canadians : RHP J.J. Riley
Now at 2B: Dylan Phillips
Batting: RHB Graham Calvert 0-0: Foul Ball, location: 2F
0-1: Ball
1-1: Foul Ball, location: 2F
1-2: Foul Ball, location: 2F
1-2: Ground out 4-3 (Groundball, 4, EV 106.3 MPH)
Batting: RHB Kelly Watson 0-0: Called Strike
0-1: Ground out 6-3 (Groundball, 6M, EV 103.8 MPH)
Pitching: RHP Hans Hørby
Batting: RHB Manuel Juarez 0-0: Ball
1-0: Ball
2-0: Fly out, F9 (Flyball, 89D, EV 99.4 MPH)
Top of the 8th over - 0 runs, 0 hits, 0 errors, 0 left on base; Minnesota (NYP) 0 - Vancouver 9
BOTTOM OF THE 8TH
Vancouver Canadians batting - Pitching for Minnesota (NYP) Twins : RHP Ben Leiby
Pinch Hitting: RHB Bill Hunt 0-0: Ball
1-0: Foul Ball, location: 2F
1-1: Swinging Strike
1-2: Ball
2-2: Ball
3-2: Base on Balls
Pinch Hitting: SHB Olaf Zoeteman 0-0: Called Strike
0-1: Called Strike
0-2: Ball
1-2: Fly out, F8 (Flyball, 8RD, EV 103.1 MPH)
Batting: RHB Justin Powell 0-0: Called Strike
0-1: Ball
1-1: Fielders Choice at 2nd, 4-6 (Groundball, 4, EV 83.1 MPH)
Batting: RHB Taylor Peavey 0-0: 2-RUN HOME RUN (Flyball, 7D, EV 100.0 MPH), Distance : 395 ft
Batting: LHB Edgar Castillo 0-0: Ball
1-0: Ball
2-0: Called Strike
2-1: Ground out 6-3 (Groundball, 4M, EV 77.5 MPH)
Bottom of the 8th over - 2 runs, 1 hit, 0 errors, 0 left on base; Minnesota (NYP) 0 - Vancouver 11
TOP OF THE 9TH
Minnesota (NYP) Twins batting - Pitching for Vancouver Canadians : RHP Hans Hørby
Now at 2B: Bill Hunt
Now at 3B: Reed Ryan
Now at SS: Dylan Phillips
Batting: SHB Donell Burney 0-0: Ball
1-0: Swinging Strike
1-1: Swinging Strike
1-2: Ball
2-2: Strikes out swinging
Batting: RHB Alex Loaiza 0-0: TRIPLE (Flyball, 8RXD, EV 90.6 MPH)
Pinch Hitting: RHB Motohiko Hamasaki 0-0: Called Strike
0-1: Ground out 5-3 (Groundball, 56S, EV 69.4 MPH)
Alex Loaiza scores
Batting: RHB Tony Crespo 0-0: Called Strike
0-1: Swinging Strike
0-2: Ground out 4-3 (Groundball, 4, EV 90.6 MPH)
Top of the 9th over - 1 run, 1 hit, 0 errors, 0 left on base; Minnesota (NYP) 1 - Vancouver 11
Thursday, March 31st , 2022 - OOTP Baseball 22.12 Build 89